 Dungeon Crawl Stone Soup version 0.24.0-37-gcf1ca852f1 (webtiles) character file.

Game seed: 10496711441283538441, levelgen mode: deterministic

46 Descartes the Grasshopper (level 3, 0/16 HPs)
             Began as a Felid Warper on Nov 27, 2019.
             Succumbed to an adder's poison
             ... on level 3 of the Dungeon.
             The game lasted 00:04:38 (2221 turns).

Descartes the Grasshopper (Felid Warper)            Turns: 2221, Time: 00:04:39

Health: 0/16       AC:  1    Str:  8    XL:     3   Next: 44%
Magic:  6/7        EV: 17    Int: 14    God:
Gold:   69         SH:  0    Dex: 15    Spells: 2/6 levels left
                                        Lives:  0   Deaths: 0

rFire    . . .     SeeInvis +     - Unarmed
rCold    . . .     Gourm    .   (shield unavailable)
rNeg     . . .     Faith    .   (armour unavailable)
rPois    .         Spirit   .   (helmet unavailable)
rElec    .         Reflect  .   (cloak unavailable)
rCorr    .         Harm     .   (gloves unavailable)
MR       .....                  (boots unavailable)
Stlth    ++........             (no amulet)
HPRegen  0.05/turn              (no ring)
MPRegen  0.10/turn              (no ring)

@: lethally poisoned (0 -> -10), shrouded (expiring), heavily drained, quick
A: very small, no armour, no weapons or thrown items, stealth, claws 1, fangs 3,
see invisible, carnivore, speed 1, shaggy fur 1, slow metabolism 1, sharp paws
a: no special abilities


You were on level 3 of the Dungeon.
You were very full.

You visited 1 branch of the dungeon, and saw 3 of its levels.

You collected 69 gold pieces.

Inventory:

Missiles
 h - 34 arrows
 i - 50 stones
Jewellery
 g - a +5 ring of dexterity {unknown}
 m - a +5 ring of dexterity {unknown}
Scrolls
 b - 2 scrolls of blinking
 j - 2 scrolls of remove curse {unknown}
 k - 2 scrolls of identify {unknown}
 l - a scroll of enchant weapon {unknown}
 o - 2 scrolls of magic mapping {unknown}
 r - a scroll of fog {unknown}
Potions
 a - 4 potions of heal wounds
 d - 2 potions of haste {unknown}
 e - 2 potions of agility {unknown}
 f - a potion of ambrosia {unknown}
 n - a potion of degeneration {unknown}
 p - a potion of invisibility {unknown}
 s - a potion of curing {unknown}
Comestibles
 c - 3 rations


   Skills:
 + Level 2.3(1.1) Fighting
 + Level 3.6(2.4) Dodging
 + Level 1.6(0.4) Stealth
 * Level 2.8(1.6) Unarmed Combat
 + Level 2.0(0.8) Spellcasting
 + Level 0.5(0.0) Charms
 + Level 4.5(3.2) Translocations


You had 2 spell levels left.
You knew the following spells:

 Your Spells              Type           Power        Failure   Level  Hunger
a - Blink                 Tloc           N/A          11%         2    ###....
b - Shroud of Golubria    Chrm/Tloc      #.....       22%         2    ###....

Your spell library contained the following spells:

 Spells                   Type           Power        Failure   Level  Hunger
 Gell's Gravitas          Tloc           #.........   22%         3    ####...
 Lesser Beckoning         Tloc           #.........   22%         3    ####...
 Teleport Other           Tloc           #.......     22%         3    ####...
 Passage of Golubria      Tloc           N/A          56%         4    #####..


Dungeon Overview and Level Annotations

Branches:
Dungeon (3/15)

Altars:
Fedhas


Innate Abilities, Weirdness & Mutations

You cannot wear armour.
You are incapable of wielding weapons or throwing items.
Your paws allow you to move quietly. (Stealth)
You have sharp claws.
You have razor-sharp teeth.
You have supernaturally acute eyesight. (SInv)
You are carnivorous and can eat meat at any time.
You cover ground quickly.
You are covered in fur. (AC +1)
You have a slow metabolism.
Your sharp claws are effective at attacking unaware monsters.


Message History

The adder closely misses you.
You miss the adder. The adder barely misses you.
Your shroud bends the adder's attack away.
You barely miss the adder.
Your shroud begins to fray at the edges.
You feel sick. The adder bites you.
You are lethally poisoned!
The adder poisons you!
You scratch the adder.
The adder is moderately wounded.
The adder misses you.
You scratch the adder.
The adder is severely wounded.
You feel sick. The adder bites you.
* * * LOW HITPOINT WARNING * * *
You barely miss the adder.
The adder is severely wounded.
* * * LOW HITPOINT WARNING * * *
You feel sick. The adder closely misses you. x2
You die...

####.#### ..... #..#
#.......# ..... #..#
#.##.##.# ......#..#
#.##.# ......#..#
##.##.# ......#..#
#<.##.### .........
#####...##
........######## #.#..##
.......S.@.....# #.....#
......########.###.P.P.#
..... #.#...._..## ....
#.##..P.P..# ###
#.##.......#
#.##.##.#..#
#.#####.##.#
#..........#
############


You could see an adder.

Vanquished Creatures
  An adder (D:2)
  2 oozes
  4 bats
  2 goblins
  8 hobgoblins
  3 frilled lizards
  2 kobolds (D:1)
  7 rats
29 creatures vanquished.

Notes
Turn   | Place    | Note
-------+----------+-------------------------------------------
     0 | D:1      | Descartes the Felid Warper began the quest for the Orb.
     0 | D:1      | Reached XP level 1. HP: 9/9 MP: 4/4
   489 | D:1      | Reached skill level 1 in Stealth
   489 | D:1      | Reached XP level 2. HP: 13/13 MP: 6/6
   876 | D:1      | Learned a level 2 spell: Blink
   879 | D:1      | Learned a level 2 spell: Shroud of Golubria
  1467 | D:2      | Reached XP level 3. HP: 16/16 MP: 3/7
  2178 | D:3      | Found a blossoming altar of Fedhas.
  2221 | D:3      | Succumbed to an adder's poison

Levels and vault maps discovered:
D:1:      dpeg_arrival_shrine, layout_basic, hangedman_decor_points, st_stairs_7
D:2:      layout_rooms
D:3:      layout_basic, fedhas_altar_1, minmay_cut_off, uniq_grinder

Skill      XL: |  1 |
---------------+----+-----
Stealth        | 1 |  1.6
Fighting       | |  2.3
Dodging        | |  3.6
Unarmed Combat | |  2.8
Spellcasting   | |  2.0
Charms         | |  0.5
Translocations | |  4.5

Action                   || total
-------------------------++-------
Melee: Unarmed           ||   124
       Bite              ||    10
 Cast: Shroud of Golubri ||     4
       Blink             ||     1
  Use: Potion            ||     1
 Stab: Sleeping          ||     1
  Eat: Chunk             ||    10
Armor: Skin              ||     6
Dodge: Dodged            ||    89
